 Dungeon Crawl Stone Soup version 0.29.0-4-gdea44cf6ec (webtiles) character file.

Game seed: 484487580774342624

15303 qw the Grappler (level 12, -2/101 HPs)
             Began as a Ghoul Fire Elementalist on Aug 29, 2022.
             Was an Elder of Okawaru.
             Slain by an elephant (3 damage)
             ... on level 3 of the Lair of Beasts.
             The game lasted 00:11:05 (17063 turns).

qw the Grappler (Ghoul Fire Elementalist)          Turns: 17063, Time: 00:11:06

Health: -2/101     AC: 22    Str: 23    XL:     12   Next: 25%
Magic:  16/16      EV:  8    Int: 10    God:    Okawaru [****..]
Gold:   794        SH: 16    Dex:  9    Spells: 13/14 levels left

rFire   . . .      SeeInvis +     - Unarmed
rCold   + . .      Faith    .   k - +0 kite shield
rNeg    + + +      Spirit   .   i - +0 plate armour
rPois   inf        Reflect  +   s - +2 helmet
rElec   .          Harm     .   j - +0 cloak
rCorr   .          Rampage  .   o - +0 pair of gloves
Will    .....                   r - +0 pair of boots
Stlth   ..........              c - amulet of reflection
HPRegen 0.00/turn               d - +6 ring of strength
MPRegen 0.15/turn               h - ring of see invisible

@: heroic, inhibited regen
A: claws 1, cold resistance 1, negative energy resistance 3, inhibited
regeneration, torment resistance 2, devour on kill
a: Renounce Religion, Heroism, Finesse


You were on level 3 of the Lair of Beasts.
You worshipped Okawaru.
Okawaru was greatly pleased with you.
You visited 3 branches of the dungeon, and saw 13 of its levels.
You also visited: Sewer.

You collected 794 gold pieces.


Innate Abilities, Weirdness & Mutations

You are immune to poison.
You have sharp fingernails.
Your flesh is cold resistant. (rC+)
You are immune to negative energy. (rN+++)
You do not regenerate when monsters are visible.
You are immune to unholy pain and torment.
You thrive by killing the living.


   Skills:
 - Level 8.1(13.1) Fighting
 - Level 2.0(7.0) Throwing
 + Level 5.4(10.4) Armour
 - Level 2.3(7.3) Dodging
 - Level 2.1(7.1) Stealth
 - Level 7.6(12.6) Shields
 - Level 14.0(19.0) Unarmed Combat
 - Level 1.7 Spellcasting
 - Level 0.7 Conjurations
 - Level 2.4 Fire Magic
 + Level 7.3 Invocations


You had 13 spell levels left.
You knew the following spells:

 Your Spells              Type           Power      Damage    Failure   Level
a - Foxfire               Conj/Fire      16%        2x1d4     98%         1

Your spell library contained the following spells:

 Spells                   Type           Power      Damage    Failure   Level
 Scorch                   Fire           10%        2d5       99%         2
 Conjure Flame            Conj/Fire      4%         6-21      100%        3
 Inner Flame              Hex/Fire       3%         N/A       100%        3
 Flame Wave               Conj/Fire      4%         2d5       100%        4

Inventory:

Missiles
 q - a silver boomerang (quivered)
Armour
 e - a +2 chain mail of cold resistance
 i - a +0 plate armour (worn)
 j - a +0 cloak (worn)
 k - a +0 kite shield (worn)
 o - a +0 pair of gloves (worn)
 r - a +0 pair of boots (worn)
 s - a +2 helmet (worn)
Jewellery
 c - an amulet of reflection (around neck)
 d - a +6 ring of strength (left hand)
 h - a ring of see invisible (right hand)
 n - a ring of ice
Scrolls
 b - 11 scrolls of identify
Potions
 a - a potion of mutation
 f - a potion of resistance
 m - 3 potions of haste
 t - a potion of curing

Dungeon Overview and Level Annotations

Branches:
Dungeon (9/15)             Temple (1/1) D:7            Lair (3/5) D:9
 Shoals (0/4) Lair:2        Sewer (visited)
  Snake: Lair:2-3    Spider: Lair:2-3       Orc: D:9-12

Altars:
Ashenzari
Cheibriados
Dithmenos
Fedhas
Gozag
Hepliaklqana
Kikubaaqudgha
Makhleb
Nemelex Xobeh
Okawaru
Qazlal
Ru
Sif Muna
Trog
Uskayaw
Vehumet
Wu Jian
Xom
Yredelemnul

Shops:
D:1 =

Annotations:
D:2 1 runed translucent door, Crazy Yiuf


Message History

17050 ||| Stepping ~*~*~tactically~*~*~ (outnumbered).
The bullfrog hits you but does no damage.
17051 ||| Stepping ~*~*~tactically~*~*~ (outnumbered).
You block the bullfrog's attack.
The bullfrog hits you but does no damage.
17052 ||| Stepping ~*~*~tactically~*~*~ (outnumbered).
17053 ||| Stepping ~*~*~tactically~*~*~ (outnumbered).
The bullfrog attacks as you move away! You block the bullfrog's attack.
The bullfrog hits you but does no damage.
17054 ||| Stepping ~*~*~tactically~*~*~ (outnumbered).
17055 ||| Stepping ~*~*~tactically~*~*~ (outnumbered).
You block the bullfrog's attack.
You punch the elephant!
The elephant is lightly wounded.
You block the bullfrog's attack.
17057 ||| Stepping ~*~*~tactically~*~*~ (outnumbered).
The elephant attacks as you move away! The elephant tramples you!
You block the elephant's attack.
You pummel the elephant!!
The elephant is heavily wounded.
You block the bullfrog's attack.
A cane toad comes into view.
The elephant completely misses you.
The elephant trunk-slaps you but does no damage.
The cane toad gives a loud, deep croak!
You hit the elephant.
The elephant is heavily wounded.
You block the bullfrog's attack. x2
You barely miss the elephant.
The elephant is heavily wounded.
The elephant tramples you.
You stumble backwards!
You hit the elephant but do no damage.
The elephant is heavily wounded.
You punch the elephant!
The elephant is severely wounded.
You block the bullfrog's attack.
You punch the elephant!
The elephant is almost dead.
The elephant tramples you.
You die...

......##..#
#........!.#
#..##......#
#..##......#
#..#.......#
#..##Y.....#
###...##.....###
#.....P#Yl......
#....@..........
.......YF......#..
.#...###......P#..
##. #F.....## #
.......P#
#......##
#........
........P


You could see 2 elephants, a komodo dragon, a cane toad and a bullfrog.

Vanquished Creatures
  4 hydras
  A catoblepas (Lair:2)
  A two-headed ogre (D:9)
  A black mamba (Lair:2)
  A cane toad (Lair:1)
  6 komodo dragons
  Psyche (D:8)
  A rime drake (Lair:2)
  A troll (D:9)
  2 hornets (D:7)
  Prince Ribbit (D:7)
  Grinder (D:6)
  A snapping turtle (Lair:2)
  Sigmund (D:4)
  13 yaks
  4 wyverns
  A basilisk (Lair:1)
  A steam dragon (D:9)
  Edmund (D:6)
  4 water moccasins
  An acid dragon (D:9)
  3 orc warriors
  2 black bears (D:5)
  2 sky beasts (D:7)
  4 ice beasts
  2 centaurs
  3 kobold brigands
  A phantom (D:6)
  7 bullfrogs
  A gnoll sergeant (D:7)
  3 necrophages
  A scorpion (D:6)
  11 wights
  5 killer bees (D:8)
  An electric eel (Lair:2)
  A howler monkey (D:5)
  A gnoll bouda (D:7)
  6 hounds
  A jelly (D:7)
  8 orc priests
  5 iguanas
  11 orc wizards
  15 gnolls
  8 adders
  6 river rats (Sewer)
  2 shadow imps
  2 white imps
  5 worms
  4 dart slugs
  36 orcs
  11 ball pythons
  2 bats
  7 endoplasms
  3 giant cockroaches
  3 goblins
  10 hobgoblins
  3 jackals
  A quokka (D:2)
  4 frilled lizards
  26 kobolds
  22 rats
297 creatures vanquished.

Vanquished Creatures (others)
  4 fungi
  5 plants
9 creatures vanquished.

Grand Total: 306 creatures vanquished

Notes
Turn   | Place    | Note
-------+----------+-------------------------------------------
     0 | D:1      | qw the Ghoul Fire Elementalist began the quest for the Orb.
     0 | D:1      | Reached XP level 1. HP: 14/14 MP: 2/2
     0 | D:1      | 0 ||| qw: Version: 0.1-a-90-g952f4b7
     0 | D:1      | 0 ||| qw: Game counter: 3722
     0 | D:1      | 0 ||| qw: Always use a shield: true
     0 | D:1      | 0 ||| qw: God list: Okawaru
     0 | D:1      | 0 ||| qw: Allow faded altars: false
     0 | D:1      | 0 ||| qw: Do Orc after D:15 true
     0 | D:1      | 0 ||| qw: Do second Lair branch before Depths: true
     0 | D:1      | 0 ||| qw: Lair rune preference: random
     0 | D:1      | 0 ||| qw: Plans: Normal
     0 | D:1      | 0 ||| PLANNING D:1-11
   468 | D:1      | Reached skill level 1 in Unarmed Combat
   614 | D:1      | Reached skill level 1 in Fighting
   614 | D:1      | Reached XP level 2. HP: 13/23 MP: 3/3
   976 | D:1      | Found Rafosmufo's Jewellery Shoppe.
   980 | D:1      | 980 ||| SHOPLISTING +4 ring of evasion (432 gold, have 71).
   980 | D:1      | 980 ||| SHOPLISTING +6 ring of dexterity (432 gold, have
                  | 71).
   980 | D:1      | 980 ||| SHOPLISTING ring "Ripp" {rC++ Dex+6} (726 gold,
                  | have 71).
   980 | D:1      | 980 ||| SHOPLISTING ring of see invisible (180 gold, have
                  | 71).
  1090 | D:1      | 1090 ||| Stepping ~*~*~tactically~*~*~ (hiding).
  1211 | D:1      | Reached skill level 2 in Unarmed Combat
  1416 | D:1      | 1416 ||| Stepping ~*~*~tactically~*~*~ (hiding).
  1518 | D:1      | 1518 ||| Stepping ~*~*~tactically~*~*~ (hiding).
  1620 | D:1      | 1620 ||| Stepping ~*~*~tactically~*~*~ (hiding).
  1722 | D:1      | 1722 ||| Stepping ~*~*~tactically~*~*~ (hiding).
  1824 | D:1      | 1824 ||| Stepping ~*~*~tactically~*~*~ (hiding).
  1926 | D:1      | 1926 ||| Stepping ~*~*~tactically~*~*~ (hiding).
  2028 | D:1      | 2028 ||| Stepping ~*~*~tactically~*~*~ (hiding).
  2130 | D:1      | 2130 ||| Stepping ~*~*~tactically~*~*~ (hiding).
  2232 | D:1      | 2232 ||| Stepping ~*~*~tactically~*~*~ (hiding).
  2334 | D:1      | 2334 ||| Stepping ~*~*~tactically~*~*~ (hiding).
  2436 | D:1      | 2436 ||| Stepping ~*~*~tactically~*~*~ (hiding).
  2538 | D:1      | 2538 ||| Stepping ~*~*~tactically~*~*~ (hiding).
  2640 | D:1      | 2640 ||| Stepping ~*~*~tactically~*~*~ (hiding).
  2742 | D:1      | 2742 ||| Stepping ~*~*~tactically~*~*~ (hiding).
  2844 | D:1      | 2844 ||| Stepping ~*~*~tactically~*~*~ (hiding).
  2946 | D:1      | 2946 ||| Stepping ~*~*~tactically~*~*~ (hiding).
  3022 | D:1      | 3022 ||| UPGRADING to +2 chain mail of cold resistance.
  3032 | D:1      | 3032 ||| DROPPING +0 robe.
  3033 | D:1      | 3033 ||| UPGRADING to amulet of reflection.
  3038 | D:1      | 3038 ||| UPGRADING to +6 ring of strength.
  3039 | D:1      | 3039 ||| DROPPING potion of magic.
  3114 | D:2      | 3114 ||| Stepping ~*~*~tactically~*~*~ (stealth).
  3120 | D:2      | Reached XP level 3. HP: 28/28 MP: 4/4
  3124 | D:2      | 3124 ||| FLEEEEING.
  3125 | D:2      | 3125 ||| FLEEEEING.
  3126 | D:2      | 3126 ||| FLEEEEING.
  3127 | D:2      | 3127 ||| FLEEEEING.
  3128 | D:2      | 3128 ||| FLEEEEING.
  3137 | D:2      | 3137 ||| Stepping ~*~*~tactically~*~*~ (hiding).
  3369 | D:2      | Reached skill level 3 in Unarmed Combat
  3473 | D:2      | Found a runed translucent door.
  3474 | D:2      | Noticed Crazy Yiuf
  3548 | D:2      | Found a faded altar of an unknown god.
  3708 | D:2      | 3708 ||| UPGRADING to +0 cloak.
  3713 | D:2      | 3713 ||| READING scroll labelled GAKAHA RESTIR.
  3814 | D:2      | 3814 ||| READING scroll labelled LEACZO YTRUPT.
  3815 | D:2      | 3815 ||| READING scroll labelled NAAFAQ JOJY.
  3816 | D:2      | 3816 ||| READING scroll labelled QOAHOS ICIN.
  3872 | D:3      | 3872 ||| Stepping ~*~*~tactically~*~*~ (hiding).
  3884 | D:3      | Reached skill level 4 in Unarmed Combat
  3884 | D:3      | Reached XP level 4. HP: 13/35 MP: 5/5
  3884 | D:3      | 3884 ||| FLEEEEING.
  3885 | D:3      | 3885 ||| FLEEEEING.
  3886 | D:3      | 3886 ||| FLEEEEING.
  3887 | D:3      | 3887 ||| FLEEEEING.
  3888 | D:3      | 3888 ||| FLEEEEING.
  3889 | D:3      | 3889 ||| FLEEEEING.
  3890 | D:3      | 3890 ||| FLEEEEING.
  3891 | D:3      | 3891 ||| FLEEEEING.
  3892 | D:3      | 3892 ||| FLEEEEING.
  3893 | D:3      | 3893 ||| FLEEEEING.
  3894 | D:3      | 3894 ||| FLEEEEING.
  3895 | D:3      | 3895 ||| STAIRDANCE
  4163 | D:3      | 4163 ||| STAIRDANCE
  4409 | D:3      | Found a burning altar of Makhleb.
  4522 | D:3      | Reached skill level 1 in Armour
  4522 | D:3      | Reached XP level 5. HP: 37/41 MP: 6/6
  4882 | D:3      | Found a bloodstained altar of Trog.
  4994 | D:3      | Found the +6 lightning scales {swift, rElec}
  5074 | D:3      | 5074 ||| UPGRADING to ring of see invisible.
  5075 | D:3      | 5075 ||| READING scroll labelled HOUBLIH SOLE.
  5076 | D:3      | 5076 ||| DRINKING 2 cyan potions.
  5077 | D:3      | 5077 ||| DRINKING 2 clear potions.
  5078 | D:3      | 5078 ||| DROPPING potion of flight.
  5124 | D:4      | Noticed Sigmund
  5133 | D:4      | Killed Sigmund
  5134 | D:4      | Reached skill level 5 in Unarmed Combat
  5134 | D:4      | Reached XP level 6. HP: 38/48 MP: 7/7
  5223 | D:4      | Reached skill level 6 in Unarmed Combat
  5490 | D:4      | 5490 ||| Stepping ~*~*~tactically~*~*~ (hiding).
  5510 | D:4      | 5510 ||| Stepping ~*~*~tactically~*~*~ (outnumbered).
  5513 | D:4      | Reached skill level 3 in Fighting
  5589 | D:4      | 5589 ||| Stepping ~*~*~tactically~*~*~ (hiding).
  5594 | D:4      | 5594 ||| Stepping ~*~*~tactically~*~*~ (hiding).
  5599 | D:4      | HP: 8/51 [orc priest/divine providence (12)]
  5600 | D:4      | 5600 ||| DRINKING potion of heal wounds.
  5603 | D:4      | Reached XP level 7. HP: 25/57 MP: 8/8
  5609 | D:4      | HP: 11/57 [orc priest/+0 trident (5)]
  5902 | D:4      | 5902 ||| Stepping ~*~*~tactically~*~*~ (stealth).
  6216 | D:4      | 6216 ||| Stepping ~*~*~tactically~*~*~ (stealth).
  6217 | D:4      | 6217 ||| Stepping ~*~*~tactically~*~*~ (stealth).
  6222 | D:4      | 6222 ||| Stepping ~*~*~tactically~*~*~ (stealth).
  6223 | D:4      | 6223 ||| Stepping ~*~*~tactically~*~*~ (stealth).
  6235 | D:4      | Reached skill level 7 in Unarmed Combat
  6547 | D:4      | 6547 ||| DROPPING amulet of regeneration.
  6548 | D:4      | 6548 ||| READING scroll labelled PONGAX NAEMO.
  6549 | D:4      | 6549 ||| READING scroll labelled MIRUTHR RE XITH.
  6550 | D:4      | 6550 ||| DRINKING 3 sedimented clear potions.
  6551 | D:4      | 6551 ||| DROPPING 2 potions of lignification.
  6641 | D:5      | Entered Level 5 of the Dungeon
  6642 | D:5      | 6642 ||| PLANNING SEWER
  6652 | D:5      | 6652 ||| Stepping ~*~*~tactically~*~*~ (stealth).
  6942 | D:5      | Reached skill level 8 in Unarmed Combat
  6953 | D:5      | Reached XP level 8. HP: 54/64 MP: 9/9
  7018 | D:5      | Found a glowing drain.
  7019 | D:5      | 7019 ||| READING scroll labelled FAUNTA IJUEHI.
  7033 | D:5      | 7033 ||| Stepping ~*~*~tactically~*~*~ (water).
  7044 | Sewer    | Entered a sewer
  7090 | Sewer    | 7090 ||| Stepping ~*~*~tactically~*~*~ (outnumbered).
  7094 | Sewer    | 7094 ||| Stepping ~*~*~tactically~*~*~ (outnumbered).
  7133 | Sewer    | 7133 ||| Stepping ~*~*~tactically~*~*~ (stealth).
  7161 | Sewer    | 7161 ||| Stepping ~*~*~tactically~*~*~ (outnumbered).
  7163 | Sewer    | 7163 ||| Stepping ~*~*~tactically~*~*~ (outnumbered).
  7164 | Sewer    | 7164 ||| Stepping ~*~*~tactically~*~*~ (outnumbered).
  7166 | Sewer    | 7166 ||| Stepping ~*~*~tactically~*~*~ (outnumbered).
  7170 | Sewer    | 7170 ||| Stepping ~*~*~tactically~*~*~ (outnumbered).
  7171 | Sewer    | 7171 ||| Stepping ~*~*~tactically~*~*~ (outnumbered).
  7210 | Sewer    | 7210 ||| Stepping ~*~*~tactically~*~*~ (outnumbered).
  7212 | Sewer    | 7212 ||| Stepping ~*~*~tactically~*~*~ (outnumbered).
  7213 | Sewer    | 7213 ||| Stepping ~*~*~tactically~*~*~ (outnumbered).
  7214 | Sewer    | 7214 ||| Stepping ~*~*~tactically~*~*~ (outnumbered).
  7215 | Sewer    | 7215 ||| Stepping ~*~*~tactically~*~*~ (outnumbered).
  7216 | Sewer    | 7216 ||| Stepping ~*~*~tactically~*~*~ (outnumbered).
  7217 | Sewer    | 7217 ||| Stepping ~*~*~tactically~*~*~ (outnumbered).
  7218 | Sewer    | 7218 ||| Stepping ~*~*~tactically~*~*~ (outnumbered).
  7219 | Sewer    | 7219 ||| Stepping ~*~*~tactically~*~*~ (outnumbered).
  7220 | Sewer    | 7220 ||| Stepping ~*~*~tactically~*~*~ (outnumbered).
  7286 | Sewer    | 7286 ||| Stepping ~*~*~tactically~*~*~ (stealth).
  7287 | Sewer    | 7287 ||| Stepping ~*~*~tactically~*~*~ (stealth).
  7290 | Sewer    | 7290 ||| Stepping ~*~*~tactically~*~*~ (stealth).
  7304 | Sewer    | 7304 ||| Stepping ~*~*~tactically~*~*~ (outnumbered).
  7305 | Sewer    | 7305 ||| Stepping ~*~*~tactically~*~*~ (outnumbered).
  7306 | Sewer    | 7306 ||| Stepping ~*~*~tactically~*~*~ (outnumbered).
  7307 | Sewer    | 7307 ||| Stepping ~*~*~tactically~*~*~ (outnumbered).
  7308 | Sewer    | 7308 ||| Stepping ~*~*~tactically~*~*~ (outnumbered).
  7309 | Sewer    | 7309 ||| Stepping ~*~*~tactically~*~*~ (outnumbered).
  7310 | Sewer    | 7310 ||| Stepping ~*~*~tactically~*~*~ (outnumbered).
  7311 | Sewer    | 7311 ||| Stepping ~*~*~tactically~*~*~ (outnumbered).
  7312 | Sewer    | 7312 ||| Stepping ~*~*~tactically~*~*~ (outnumbered).
  7313 | Sewer    | 7313 ||| Stepping ~*~*~tactically~*~*~ (outnumbered).
  7314 | Sewer    | 7314 ||| Stepping ~*~*~tactically~*~*~ (outnumbered).
  7315 | Sewer    | 7315 ||| Stepping ~*~*~tactically~*~*~ (outnumbered).
  7319 | Sewer    | 7319 ||| Stepping ~*~*~tactically~*~*~ (outnumbered).
  7320 | Sewer    | 7320 ||| Stepping ~*~*~tactically~*~*~ (outnumbered).
  7321 | Sewer    | 7321 ||| Stepping ~*~*~tactically~*~*~ (outnumbered).
  7322 | Sewer    | 7322 ||| Stepping ~*~*~tactically~*~*~ (outnumbered).
  7323 | Sewer    | 7323 ||| Stepping ~*~*~tactically~*~*~ (outnumbered).
  7324 | Sewer    | 7324 ||| Stepping ~*~*~tactically~*~*~ (outnumbered).
  7326 | Sewer    | 7326 ||| Stepping ~*~*~tactically~*~*~ (outnumbered).
  7327 | Sewer    | 7327 ||| Stepping ~*~*~tactically~*~*~ (outnumbered).
  7328 | Sewer    | 7328 ||| Stepping ~*~*~tactically~*~*~ (outnumbered).
  7329 | Sewer    | 7329 ||| Stepping ~*~*~tactically~*~*~ (outnumbered).
  7344 | Sewer    | 7344 ||| Stepping ~*~*~tactically~*~*~ (outnumbered).
  7345 | Sewer    | 7345 ||| Stepping ~*~*~tactically~*~*~ (outnumbered).
  7347 | Sewer    | 7347 ||| Stepping ~*~*~tactically~*~*~ (outnumbered).
  7444 | Sewer    | 7444 ||| Stepping ~*~*~tactically~*~*~ (outnumbered).
  7445 | Sewer    | 7445 ||| Stepping ~*~*~tactically~*~*~ (outnumbered).
  7446 | Sewer    | 7446 ||| Stepping ~*~*~tactically~*~*~ (outnumbered).
  7447 | Sewer    | 7447 ||| Stepping ~*~*~tactically~*~*~ (outnumbered).
  7565 | Sewer    | 7565 ||| DRINKING 2 smoky blue potions.
  7566 | Sewer    | 7566 ||| DRINKING 2 orange potions.
  7567 | Sewer    | 7567 ||| READING 4 scrolls of identify.
  7567 | Sewer    | 7567 ||| IDENTIFYING metallic clear potion
  7568 | Sewer    | 7568 ||| READING 3 scrolls of identify.
  7568 | Sewer    | 7568 ||| IDENTIFYING metallic red potion
  7569 | Sewer    | 7569 ||| READING 2 scrolls of identify.
  7569 | Sewer    | 7569 ||| IDENTIFYING bubbling emerald potion
  7570 | Sewer    | 7570 ||| DROPPING potion of ambrosia.
  7571 | Sewer    | 7571 ||| DROPPING potion of invisibility.
  7597 | D:5      | 7597 ||| PLANNING D:1-11
  7639 | D:5      | Reached skill level 9 in Unarmed Combat
  8156 | D:5      | 8156 ||| READING 3 scrolls labelled GIDOAN JEGO.
  8157 | D:5      | 8157 ||| READING 3 scrolls of identify.
  8157 | D:5      | 8157 ||| IDENTIFYING bubbling black potion
  8158 | D:5      | 8158 ||| DROPPING 2 scrolls of fear.
  8238 | D:6      | 8238 ||| Stepping ~*~*~tactically~*~*~ (stealth).
  8241 | D:6      | 8241 ||| Stepping ~*~*~tactically~*~*~ (stealth).
  8243 | D:6      | 8243 ||| Stepping ~*~*~tactically~*~*~ (hiding).
  8255 | D:6      | Reached skill level 10 in Unarmed Combat
  8260 | D:6      | Reached XP level 9. HP: 59/74 MP: 10/10
  8260 | D:6      | 8260 ||| Stepping ~*~*~tactically~*~*~ (outnumbered).
  8339 | D:6      | 8339 ||| Stepping ~*~*~tactically~*~*~ (stealth).
  8342 | D:6      | 8342 ||| Stepping ~*~*~tactically~*~*~ (stealth).
  8345 | D:6      | Reached skill level 1 in Throwing
  8357 | D:6      | 8357 ||| Stepping ~*~*~tactically~*~*~ (stealth).
  8373 | D:6      | Reached skill level 6 in Fighting
  8518 | D:6      | Noticed Edmund
  8519 | D:6      | 8519 ||| Stepping ~*~*~tactically~*~*~ (stealth).
  8556 | D:6      | 8556 ||| Stepping ~*~*~tactically~*~*~ (stealth).
  8739 | D:6      | 8739 ||| FLEEEEING.
  8741 | D:6      | 8741 ||| FLEEEEING.
  8742 | D:6      | 8742 ||| FLEEEEING.
  8743 | D:6      | 8743 ||| FLEEEEING.
  8756 | D:6      | 8756 ||| FLEEEEING.
  8756 | D:6      | Noticed Grinder
  8757 | D:6      | 8757 ||| FLEEEEING.
  8757 | D:6      | Paralysed by Grinder for 3 turns
  8761 | D:6      | 8761 ||| Stepping ~*~*~tactically~*~*~ (outnumbered).
  8762 | D:6      | 8762 ||| Stepping ~*~*~tactically~*~*~ (outnumbered).
  8763 | D:6      | 8763 ||| Stepping ~*~*~tactically~*~*~ (outnumbered).
  8764 | D:6      | 8764 ||| Stepping ~*~*~tactically~*~*~ (outnumbered).
  8782 | D:6      | Killed Grinder
  8783 | D:6      | Reached skill level 11 in Unarmed Combat
  8791 | D:6      | HP: 16/75 [Edmund/+2 vorpal flail (3)]
  8792 | D:6      | Killed Edmund
  9300 | D:6      | Found a shadowy altar of Dithmenos.
  9300 | D:6      | Found a hazy altar of Hepliaklqana.
  9599 | D:6      | 9599 ||| UPGRADING to +0 plate armour.
  9609 | D:6      | 9609 ||| UPGRADING to +0 pair of gloves.
  9614 | D:6      | 9614 ||| READING scroll labelled KICSOS JUILL.
  9665 | D:7      | Reached skill level 3 in Armour
  9939 | D:7      | 9939 ||| Stepping ~*~*~tactically~*~*~ (stealth).
  9940 | D:7      | 9940 ||| Stepping ~*~*~tactically~*~*~ (stealth).
  9941 | D:7      | 9941 ||| Stepping ~*~*~tactically~*~*~ (stealth).
  9943 | D:7      | 9943 ||| Stepping ~*~*~tactically~*~*~ (stealth).
  9945 | D:7      | 9945 ||| FLEEEEING.
  9946 | D:7      | 9946 ||| FLEEEEING.
  9947 | D:7      | 9947 ||| FLEEEEING.
  9948 | D:7      | 9948 ||| FLEEEEING.
  9949 | D:7      | 9949 ||| FLEEEEING.
  9950 | D:7      | 9950 ||| FLEEEEING.
  9957 | D:7      | 9957 ||| STAIRDANCE
  9997 | D:6      | 9997 ||| UPGRADING to +0 kite shield.
 10031 | D:7      | 10031 ||| Stepping ~*~*~tactically~*~*~ (stealth).
 10036 | D:7      | 10036 ||| Stepping ~*~*~tactically~*~*~ (stealth).
 10040 | D:7      | Reached skill level 1 in Shields
 10066 | D:7      | 10066 ||| Stepping ~*~*~tactically~*~*~ (stealth).
 10068 | D:7      | 10068 ||| Stepping ~*~*~tactically~*~*~ (hiding).
 10069 | D:7      | 10069 ||| Stepping ~*~*~tactically~*~*~ (hiding).
 10071 | D:7      | 10071 ||| Stepping ~*~*~tactically~*~*~ (hiding).
 10088 | D:7      | Noticed a hornet
 10093 | D:7      | 10093 ||| Stepping ~*~*~tactically~*~*~ (outnumbered).
 10094 | D:7      | 10094 ||| Stepping ~*~*~tactically~*~*~ (outnumbered).
 10095 | D:7      | 10095 ||| Stepping ~*~*~tactically~*~*~ (outnumbered).
 10096 | D:7      | 10096 ||| Stepping ~*~*~tactically~*~*~ (outnumbered).
 10098 | D:7      | 10098 ||| Stepping ~*~*~tactically~*~*~ (outnumbered).
 10099 | D:7      | 10099 ||| Stepping ~*~*~tactically~*~*~ (outnumbered).
 10101 | D:7      | 10101 ||| Stepping ~*~*~tactically~*~*~ (outnumbered).
 10106 | D:7      | 10106 ||| Stepping ~*~*~tactically~*~*~ (outnumbered).
 10108 | D:7      | 10108 ||| Stepping ~*~*~tactically~*~*~ (outnumbered).
 10110 | D:7      | Killed a hornet
 10111 | D:7      | Reached skill level 3 in Shields
 10111 | D:7      | Reached XP level 10. HP: 48/83 MP: 11/11
 10111 | D:7      | 10111 ||| Stepping ~*~*~tactically~*~*~ (outnumbered).
 10112 | D:7      | 10112 ||| Stepping ~*~*~tactically~*~*~ (outnumbered).
 10113 | D:7      | 10113 ||| Stepping ~*~*~tactically~*~*~ (outnumbered).
 10114 | D:7      | 10114 ||| Stepping ~*~*~tactically~*~*~ (outnumbered).
 10115 | D:7      | 10115 ||| Stepping ~*~*~tactically~*~*~ (outnumbered).
 10116 | D:7      | 10116 ||| Stepping ~*~*~tactically~*~*~ (outnumbered).
 10117 | D:7      | 10117 ||| Stepping ~*~*~tactically~*~*~ (outnumbered).
 10118 | D:7      | 10118 ||| Stepping ~*~*~tactically~*~*~ (outnumbered).
 10120 | D:7      | 10120 ||| Stepping ~*~*~tactically~*~*~ (outnumbered).
 10123 | D:7      | 10123 ||| Stepping ~*~*~tactically~*~*~ (outnumbered).
 10126 | D:7      | 10126 ||| Stepping ~*~*~tactically~*~*~ (outnumbered).
 10127 | D:7      | 10127 ||| Stepping ~*~*~tactically~*~*~ (outnumbered).
 10128 | D:7      | 10128 ||| Stepping ~*~*~tactically~*~*~ (outnumbered).
 10129 | D:7      | 10129 ||| Stepping ~*~*~tactically~*~*~ (outnumbered).
 10130 | D:7      | 10130 ||| Stepping ~*~*~tactically~*~*~ (outnumbered).
 10238 | D:7      | Noticed Prince Ribbit
 10259 | D:7      | Killed Prince Ribbit
 10439 | D:7      | 10439 ||| Stepping ~*~*~tactically~*~*~ (hiding).
 10459 | D:7      | 10459 ||| FLEEEEING.
 10474 | D:7      | 10474 ||| Stepping ~*~*~tactically~*~*~ (stealth).
 10591 | D:7      | 10591 ||| Stepping ~*~*~tactically~*~*~ (hiding).
 10596 | D:7      | 10596 ||| Stepping ~*~*~tactically~*~*~ (stealth).
 10597 | D:7      | 10597 ||| Stepping ~*~*~tactically~*~*~ (hiding).
 10606 | D:7      | 10606 ||| Stepping ~*~*~tactically~*~*~ (outnumbered).
 10852 | D:7      | Found a staircase to the Ecumenical Temple.
 10853 | D:7      | 10853 ||| PLANNING TEMPLE
 10853 | D:7      | 10853 ||| DROPPING +6 ring of intelligence.
 10854 | D:7      | 10854 ||| READING 5 scrolls of identify.
 10854 | D:7      | 10854 ||| IDENTIFYING pink potion
 10855 | D:7      | 10855 ||| DROPPING potion of brilliance.
 10864 | Temple   | Entered the Ecumenical Temple
 11029 | Temple   | Became a worshipper of Warmaster Okawaru
 11265 | Temple   | 11265 ||| PLANNING D:1-11
 11470 | D:7      | 11470 ||| Stepping ~*~*~tactically~*~*~ (hiding).
 11471 | D:7      | 11471 ||| Stepping ~*~*~tactically~*~*~ (hiding).
 11493 | D:7      | Reached skill level 6 in Shields
 11723 | D:7      | 11723 ||| UPGRADING to +0 pair of boots.
 11807 | D:8      | Found a sparkling altar of Nemelex Xobeh.
 11870 | D:8      | Found a blossoming altar of Fedhas.
 11880 | D:8      | Reached skill level 12 in Unarmed Combat
 11931 | D:8      | Found a sacrificial altar of Ru.
 11934 | D:8      | 11934 ||| Stepping ~*~*~tactically~*~*~ (hiding).
 11936 | D:8      | 11936 ||| Stepping ~*~*~tactically~*~*~ (hiding).
 12068 | D:8      | Found an ancient bone altar of Kikubaaqudgha.
 12315 | D:8      | Noticed Psyche
 12316 | D:8      | 12316 ||| Stepping ~*~*~tactically~*~*~ (hiding).
 12326 | D:8      | Killed Psyche
 12326 | D:8      | Reached * piety under Okawaru
 12487 | D:8      | 12487 ||| FLEEEEING.
 12488 | D:8      | 12488 ||| FLEEEEING.
 12489 | D:8      | 12489 ||| FLEEEEING.
 12573 | D:8      | 12573 ||| INVOKING Heroism.
 12678 | D:8      | Reached skill level 1 in Invocations
 12894 | D:9      | 12894 ||| Stepping ~*~*~tactically~*~*~ (outnumbered).
 12926 | D:9      | Found a flagged portal.
 12997 | D:9      | 12997 ||| Stepping ~*~*~tactically~*~*~ (hiding).
 12998 | D:9      | 12998 ||| Stepping ~*~*~tactically~*~*~ (hiding).
 13001 | D:9      | Reached skill level 3 in Invocations
 13131 | D:9      | Reached ** piety under Okawaru
 13155 | D:9      | 13155 ||| INVOKING Heroism.
 13169 | D:9      | Reached XP level 11. HP: 83/92 MP: 10/13
 13221 | D:9      | 13221 ||| INVOKING Heroism.
 13229 | D:9      | 13229 ||| Stepping ~*~*~tactically~*~*~ (outnumbered).
 13246 | D:9      | 13246 ||| INVOKING Heroism.
 13355 | D:9      | 13355 ||| INVOKING Heroism.
 13383 | D:9      | Found a staircase to the Lair.
 13547 | D:9      | Noticed a two-headed ogre
 13548 | D:9      | 13548 ||| INVOKING Heroism.
 13554 | D:9      | Killed a two-headed ogre
 13554 | D:9      | Reached *** piety under Okawaru
 14146 | D:9      | 14146 ||| PLANNING LAIR
 14146 | D:9      | 14146 ||| READING scroll labelled GEDUCR BOIFIMA.
 14147 | D:9      | 14147 ||| READING scroll labelled JYBBIEP RIAX.
 14148 | D:9      | 14148 ||| READING 9 scrolls of identify.
 14148 | D:9      | 14148 ||| IDENTIFYING silvery potion
 14149 | D:9      | 14149 ||| DROPPING potion of degeneration.
 14245 | Lair:1   | Entered Level 1 of the Lair of Beasts
 14246 | Lair:1   | 14246 ||| PLANNING GAUNTLET
 14246 | Lair:1   | 14246 ||| INVOKING Heroism.
 14254 | Lair:1   | Reached skill level 13 in Unarmed Combat
 14279 | Lair:1   | 14279 ||| INVOKING Heroism.
 14405 | Lair:1   | Noticed an eight-headed hydra
 14406 | Lair:1   | 14406 ||| INVOKING Heroism.
 14414 | Lair:1   | Killed an eight-headed hydra
 14589 | Lair:1   | 14589 ||| DRINKING potion of cancellation.
 14638 | Lair:1   | 14638 ||| INVOKING Heroism.
 14700 | Lair:1   | 14700 ||| Stepping ~*~*~tactically~*~*~ (stealth).
 14707 | Lair:1   | 14707 ||| INVOKING Heroism.
 14713 | Lair:1   | Reached **** piety under Okawaru
 14717 | Lair:1   | 14717 ||| Stepping ~*~*~tactically~*~*~ (outnumbered).
 14723 | Lair:1   | 14723 ||| RIP GAUNTLET
 14724 | Lair:1   | 14724 ||| PLANNING LAIR
 14868 | Lair:1   | 14868 ||| INVOKING Heroism.
 15212 | Lair:2   | Found the +0 staff of Battle
 15537 | Lair:2   | Noticed a catoblepas
 15538 | Lair:2   | 15538 ||| INVOKING Heroism.
 15543 | Lair:2   | 15543 ||| Stepping ~*~*~tactically~*~*~ (cloud).
 15545 | Lair:2   | 15545 ||| Stepping ~*~*~tactically~*~*~ (cloud).
 15549 | Lair:2   | Killed a catoblepas
 15820 | Lair:2   | Noticed a seven-headed hydra
 15821 | Lair:2   | 15821 ||| INVOKING Heroism.
 15828 | Lair:2   | Killed a seven-headed hydra
 15829 | Lair:2   | Reached skill level 14 in Unarmed Combat
 15829 | Lair:2   | Reached skill level 6 in Invocations
 15829 | Lair:2   | Reached XP level 12. HP: 80/101 MP: 13/15
 16054 | Lair:2   | Noticed a six-headed hydra
 16055 | Lair:2   | 16055 ||| INVOKING Heroism.
 16056 | Lair:2   | 16056 ||| Stepping ~*~*~tactically~*~*~ (stealth).
 16063 | Lair:2   | Killed a six-headed hydra
 16139 | Lair:2   | 16139 ||| FLEEEEING.
 16252 | Lair:2   | 16252 ||| INVOKING Heroism.
 16772 | Lair:2   | Found a staircase to the Shoals.
 16779 | Lair:2   | 16779 ||| INVOKING Heroism.
 16957 | Lair:2   | 16957 ||| UPGRADING to +2 helmet.
 16962 | Lair:2   | 16962 ||| READING scroll labelled DIDOSTRARAA.
 16963 | Lair:2   | 16963 ||| DRINKING 2 glowing ruby potions.
 17009 | Lair:3   | 17009 ||| INVOKING Heroism.
 17012 | Lair:3   | 17012 ||| Stepping ~*~*~tactically~*~*~ (outnumbered).
 17015 | Lair:3   | 17015 ||| Stepping ~*~*~tactically~*~*~ (outnumbered).
 17016 | Lair:3   | 17016 ||| Stepping ~*~*~tactically~*~*~ (outnumbered).
 17017 | Lair:3   | 17017 ||| Stepping ~*~*~tactically~*~*~ (outnumbered).
 17018 | Lair:3   | 17018 ||| Stepping ~*~*~tactically~*~*~ (outnumbered).
 17019 | Lair:3   | 17019 ||| Stepping ~*~*~tactically~*~*~ (outnumbered).
 17032 | Lair:3   | HP: 22/101 [blink frog (5)]
 17034 | Lair:3   | 17034 ||| READING 2 scrolls of teleportation.
 17035 | Lair:3   | 17035 ||| DRINKING potion of heal wounds.
 17037 | Lair:3   | 17037 ||| Stepping ~*~*~tactically~*~*~ (outnumbered).
 17038 | Lair:3   | 17038 ||| Stepping ~*~*~tactically~*~*~ (outnumbered).
 17039 | Lair:3   | Noticed a six-headed hydra
 17040 | Lair:3   | Noticed a six-headed hydra
 17042 | Lair:3   | HP: 25/101 [six-headed hydra (4)]
 17043 | Lair:3   | 17043 ||| READING scroll of teleportation.
 17044 | Lair:3   | Killed a six-headed hydra
 17045 | Lair:3   | 17045 ||| INVOKING Heroism.
 17046 | Lair:3   | HP: 11/101 [komodo dragon (4)]
 17047 | Lair:3   | 17047 ||| Stepping ~*~*~tactically~*~*~ (outnumbered).
 17050 | Lair:3   | 17050 ||| Stepping ~*~*~tactically~*~*~ (outnumbered).
 17051 | Lair:3   | 17051 ||| Stepping ~*~*~tactically~*~*~ (outnumbered).
 17052 | Lair:3   | 17052 ||| Stepping ~*~*~tactically~*~*~ (outnumbered).
 17053 | Lair:3   | 17053 ||| Stepping ~*~*~tactically~*~*~ (outnumbered).
 17054 | Lair:3   | 17054 ||| Stepping ~*~*~tactically~*~*~ (outnumbered).
 17055 | Lair:3   | 17055 ||| Stepping ~*~*~tactically~*~*~ (outnumbered).
 17057 | Lair:3   | 17057 ||| Stepping ~*~*~tactically~*~*~ (outnumbered).
 17057 | Lair:3   | HP: 3/101 [elephant (8)]
 17060 | Lair:3   | HP: 1/101 [elephant (2)]
 17063 | Lair:3   | Slain by an elephant

Levels and vault maps discovered:
D:1:      tarquinn_simple_flora_water_c, layout_loops_ring, serial_shops, shop
D:2:      layout_rooms, dreamdust_ecumenical_altar_hidden_monk_grotto,
          uniq_crazy_yiuf_cottage
D:3:      layout_loops_cross, mainiacjoe_overflow_chevrons, trog_hazing_becter,
          grunt_ministairs_1, chequers_serial_rivers_micro_a
D:4:      layout_basic, st_stairs_6, serial_bayou_pond_b, uniq_sigmund
D:5:      layout_basic, cheibrodos_sewer_entry_bend,
          minmay_misc_feat_secret_circle
D:6:      layout_basic, riverfiend_overflow_shadow_ancestor,
          minmay_misc_feat_tiny, minmay_fractal_squares_gapless_5, uniq_grinder,
          uniq_edmund
D:7:      layout_basic, minmay_temple_entry_gardened_gates, minivault_10,
          grunt_ministairs_3, uniq_prince_ribbit1
D:8:      layout_rooms, nicolae_ru_great_annihilating_truth,
          nicolae_overflow_crystal_walls, overflow_temple_1_default,
          nemelex_xobeh_ov_fountains_minmay, minmay_door_square, uniq_psyche
D:9:      layout_basic, mainiacjoe_overflow_divided_tiny, erik_lair_dragon,
          enter_bailey_6
Temple:   hc_temple_tempest_star
Lair:1:   layout_loops_ring, gauntlet_entry_generic
Lair:2:   layout_small_grid, minmay_shoals_entry_hut, grunt_megastairs_1
Lair:3:   layout_long_grid, spider_nest_entry_web_field

Skill      XL: |  1  2  3  4  5  6  7  8  9 10 11 12 |
---------------+-------------------------------------+-----
Unarmed Combat | 1 2 4 5 6 8 10 11 12 14 | 14.0
Fighting       | 1 2 3 5 6 7 8 |  8.1
Armour         | 1 2 4 5 |  5.4
Throwing       | 1 2 |  2.0
Shields        | 3 6 7 |  7.6
Invocations    | 4 6 7 |  7.3
Dodging        | 2 |  2.3
Stealth        | |  2.1
Spellcasting   | |  1.7
Conjurations   | |  0.7
Fire Magic     | |  2.4

Action                   |  1- 3 |  4- 6 |  7- 9 | 10-12 || total
-------------------------+-------+-------+-------+-------++-------
Melee: Unarmed           |   149 |   143 |   428 |   421 ||  1141
       Punch             |     2 |     4 |    19 |       ||    25
Throw: Boomerang         |       |       |   101 |    37 ||   138
Invok: Heroism           |       |       |       |    19 ||    19
  Use: Scroll            |     4 |     1 |     9 |     7 ||    21
       Potion            |       |     3 |     3 |     3 ||     9
 Stab: Sleeping          |     1 |       |       |       ||     1
Armor: Robe              |    18 |       |       |       ||    18
       Chain mail        |    25 |    47 |   120 |       ||   192
       Plate armour      |       |       |    34 |   181 ||   215
Dodge: Dodged            |    70 |    32 |   115 |    68 ||   285
Block: Other             |     5 |    21 |    78 |       ||   104
       Reflection        |       |     1 |     3 |     5 ||     9
       Kite shield       |       |       |    19 |   289 ||   308

Table legend:
 A = Non-vault XP
 B = Vault XP
 C = Vault XP percentage of total XP
 D = Non-vault monster count
 E = Vault monster count
 F = Vault count percentage of total count
                 A         B        C        D         E       F
            +---------+---------+-------+---------+---------+-------
      Total |   17629 |    4233 |  19.4 |     213 |      84 |  28.3
            +---------+---------+-------+---------+---------+-------
        D:1 |      30 |       0 |   0.0 |      15 |       0 |   0.0
        D:2 |      47 |       0 |   0.0 |      17 |       0 |   0.0
        D:3 |     128 |      15 |  10.5 |      19 |       8 |  29.6
        D:4 |     351 |     216 |  38.1 |      29 |       2 |   6.5
        D:5 |     948 |      10 |   1.0 |      18 |       2 |  10.0
        D:6 |     738 |     663 |  47.3 |      22 |       6 |  21.4
        D:7 |    2362 |     517 |  18.0 |      37 |       6 |  14.0
        D:8 |     999 |     423 |  29.7 |      14 |       5 |  26.3
        D:9 |    2345 |    1666 |  41.5 |      13 |       6 |  31.6
     Lair:1 |    5088 |       0 |   0.0 |      20 |       0 |   0.0
     Lair:2 |    3721 |     415 |  10.0 |       8 |       2 |  20.0
     Lair:3 |     872 |       0 |   0.0 |       1 |       0 |   0.0
      Sewer |       0 |     308 | 100.0 |       0 |      47 | 100.0
            +---------+---------+-------+---------+---------+-------
